 Dungeon Crawl Stone Soup version 0.25-a0-287-g56a5b49 (webtiles) character file.

Game seed: 1125525904740409028, levelgen mode: deterministic

5902 Lianjan the Frost Mage (level 10, -1/74 HPs)
             Began as a Merfolk Ice Elementalist on Dec 12, 2019.
             Was a Priest of Sif Muna.
             Slain by a red ugly thing (17 damage)
             ... on level 10 of the Dungeon.
             The game lasted 00:56:26 (14865 turns).

Lianjan the Frost Mage (Merfolk Ice Elementalist)  Turns: 14865, Time: 00:56:27

Health: -1/74      AC:  7    Str:  8    XL:     10   Next: 82%
Magic:  1/17       EV: 13    Int: 18    God:    Sif Muna [***...]
Gold:   619        SH:  2    Dex: 15    Spells: 2/19 levels left

rFire    . . .     SeeInvis +   J - +2 trident (flame)
rCold    . . .     Gourm    .   (no shield)
rNeg     + . .     Faith    .   S - +0 troll leather armour
rPois    .         Spirit   .   i - +1 helmet
rElec    .         Reflect  +   s - +0 cloak
rCorr    .         Harm     .   (no gloves)
MR       .....                  (no boots)
Stlth    +++.......             a - +2 amulet of reflection
HPRegen  0.62/turn              F - ring of positive energy
MPRegen  0.15/turn              Z - ring of see invisible

@: very slightly contaminated
A: change form in water, swift swim, stealthy swim
a: Channel Magic, Forget Spell, Renounce Religion


You were on level 10 of the Dungeon.
You worshipped Sif Muna.
Sif Muna was most pleased with you.
You were very hungry.

You visited 2 branches of the dungeon, and saw 12 of its levels.

You collected 619 gold pieces.

Inventory:

Hand Weapons
 b - a +0 hunting sling
 J - a +2 trident of flaming (weapon)
 L - a +1 flail of holy wrath
 Y - a +2 war axe of flaming
Missiles
 l - 2 throwing nets (quivered)
 z - 223 stones
 A - 5 sling bullets
 Q - 8 datura-tipped darts
Armour
 i - a +1 helmet (worn)
 n - a +0 shield
 s - a +0 cloak (worn)
 y - a cursed +0 scale mail
 S - a +0 troll leather armour (worn)
Magical Staves
 I - an uncursed staff of poison
 N - an uncursed staff of energy
Jewellery
 a - a +2 amulet of reflection (around neck)
 p - an uncursed ring of ice
 F - a ring of positive energy (left hand)
 Z - a ring of see invisible (right hand)
Wands
 H - a wand of paralysis (8)
 K - a wand of flame (12)
 R - a wand of random effects (23)
 X - a wand of clouds (5)
Scrolls
 d - a scroll of immolation
 e - 4 scrolls of teleportation
 f - 4 scrolls of amnesia
 g - a scroll of blinking
 j - 6 scrolls of enchant weapon
 m - 3 scrolls of fear
 u - 2 scrolls of remove curse
 P - 2 scrolls of identify
 U - a scroll of magic mapping
Potions
 h - a potion of heal wounds
 k - 6 potions of flight
 o - a potion of berserk rage
 r - 2 potions of might
 v - 2 potions of curing
 w - 2 potions of mutation
 x - 2 potions of haste {unknown}
 B - a potion of cancellation {unknown}
 T - 2 potions of brilliance {unknown}
 V - a potion of agility {unknown}
 W - a potion of resistance {unknown}
Comestibles
 c - 15 rations


   Skills:
 + Level 5.4 Fighting
 + Level 0.5 Polearms
 + Level 1.4 Armour
 + Level 4.0 Dodging
 - Level 5.2 Stealth
 + Level 0.9 Shields
 - Level 5.0 Spellcasting
 - Level 4.0 Conjurations
 - Level 4.0 Summonings
 - Level 2.1 Translocations
 * Level 9.6 Ice Magic
 - Level 4.0 Air Magic
 + Level 6.0 Invocations


You had 2 spell levels left.
You knew the following spells:

 Your Spells              Type           Power        Failure   Level  Hunger
a - Freeze                Ice            ####         1%          1    None
b - Ozocubu's Armour      Chrm/Ice       ###.....     8%          3    ##.....
c - Hailstorm             Conj/Ice       ####....     11%         4    ####...
d - Mephitic Cloud        Conj/Pois/Air  ##......     19%         3    ##.....
e - Summon Ice Beast      Ice/Summ       ####....     12%         4    ####...
f - Blink                 Tloc           N/A          12%         2    #......

Your spell library contained the following spells:

 Spells                   Type           Power        Failure   Level  Hunger
 Magic Dart               Conj           ###.         3%          1    None
 Ensorcelled Hibernation  Hex/Ice        ###...       4%          2    #......
 Call Imp                 Summ           ###.....     5%          2    #......
 Corona                   Hex            #......      19%         1    None
 Slow                     Hex            #.......     28%         2    #......
 Conjure Flame            Conj/Fire      ##......     24%         3    ##.....
 Dazzling Flash           Conj/Hex       ##....       24%         3    ##.....
 Confuse                  Hex            #.......     50%         3    ##.....
 Tukima's Dance           Hex            #.......     50%         3    ##.....


Dungeon Overview and Level Annotations

Branches:
Dungeon (11/15)            Temple (1/1) D:4            Lair (0/6) D:8
    Orc (0/2) D:10

Altars:
Ashenzari
Cheibriados
Dithmenos
Elyvilon
Fedhas
Gozag
Hepliaklqana
Kikubaaqudgha
Makhleb
Nemelex Xobeh
Okawaru
Qazlal
Ru
Sif Muna
Trog
Uskayaw
Vehumet
Wu Jian
Xom
Yredelemnul
Zin
The Shining One

Shops:
D:4 =   D:9 [


Message History

Confirm with . or Enter, or press ? or * to list all spells.
Okay, then.
Casting: Summon Ice Beast (safe; 12% risk of failure)
Confirm with . or Enter, or press ? or * to list all spells.
You blink.
Casting: Blink (safe; 12% risk of failure)
Confirm with . or Enter, or press ? or * to list all spells.
You don't have enough magic to cast that spell.
Evoke which item? (* to show all) (? for menu, Esc to quit)
Aiming: Paralyse
Press: ? - help, Shift-Dir - straight line, f - red ugly thing
Aim: a red ugly thing (lightly wounded, chance to defeat MR: 28%)
The red ugly thing easily resists.
Your ice beast closely misses the red ugly thing.
Your ice beast barely misses the red ugly thing.
The red ugly thing gores you but does no damage.
The red ugly thing gores you!
* * * LOW HITPOINT WARNING * * *
You are engulfed in flames!
You die...

######### #.......#
#...Y...#
#######...Yu..#
#####....##.....@.#
.........''....>..#
.####....##.......#
.# #######.......#
.# #.......# .#
#######.# .# #)# .#
#"# .# #####.#


You could see a red ugly thing and 2 friendly ice beasts.

Vanquished Creatures
  Pikel (D:6)
  A troll (D:9)
  A hippogriff (D:10)
  A spriggan (D:9)
  Sigmund (D:2)
  Menkaure (D:5)
  A water moccasin (D:7)
  An ice beast (D:10)
  A sky beast (D:7)
  3 orc warriors
  A phantom (D:8)
  A necrophage (D:8)
  2 centaurs
  4 bullfrogs
  2 scorpions
  6 killer bees (D:9)
  5 howler monkeys
  2 crimson imps
  2 bullfrog zombies
  2 centaur zombies (D:6)
  8 orc wizards
  5 hounds
  A jelly (D:7)
  2 orc priests
  Terence (D:2)
  3 worker ants
  A hound zombie (D:9)
  A worker ant zombie (D:5)
  7 gnolls
  10 adders
  3 shadow imps
  An ooze (D:2)
  An adder skeleton (D:8)
  A worm (D:3)
  3 dart slugs
  6 leopard geckos
  23 orcs
  7 bats
  6 giant cockroaches
  11 goblins
  5 hobgoblins
  3 jackals
  7 quokkas
  2 ball pythons
  6 frilled lizards
  16 kobolds
  11 rats
190 creatures vanquished.

Vanquished Creatures (collateral kills)
  A two-headed ogre (D:9)
  Grinder (D:6)
  A hippogriff (D:7)
  3 hungry ghosts
  A water moccasin (D:6)
  3 ice beasts
  A black bear (D:8)
  An ogre (D:6)
  3 orc warriors
  2 slaves (D:6)
  5 centaurs
  3 big kobolds
  4 bullfrogs
  2 quasits (D:8)
  A bullfrog zombie (D:6)
  A centaur zombie (D:6)
  4 orc priests
  8 orc wizards
  3 iguanas
  2 worker ants
  A hound zombie (D:6)
  A gnoll (D:8)
  5 adders
  A shadow imp (D:6)
  An adder skeleton (D:7)
  2 leopard geckos (D:7)
  12 orcs
  A goblin (D:8)
  4 hobgoblins (D:8)
  A jackal (D:8)
  8 kobolds
  A quokka skeleton (D:9)
88 creatures vanquished.

Vanquished Creatures (others)
  A bullfrog skeleton (D:6)
1 creature vanquished.

Grand Total: 279 creatures vanquished

Notes
Turn   | Place    | Note
-------+----------+-------------------------------------------
     0 | D:1      | Lianjan the Merfolk Ice Elementalist began the quest for
                  | the Orb.
     0 | D:1      | Reached XP level 1. HP: 13/13 MP: 3/3
   193 | D:1      | Reached XP level 2. HP: 17/19 MP: 0/5
   674 | D:1      | Reached XP level 3. HP: 24/24 MP: 3/6
   686 | D:1      | Learned a level 3 spell: Ozocubu's Armour
  1474 | D:1      | Reached skill level 5 in Ice Magic
  1474 | D:1      | Reached XP level 4. HP: 16/30 MP: 5/8
  1945 | D:2      | Noticed Sigmund
  1955 | D:2      | Learned a level 4 spell: Hailstorm
  2135 | D:1      | You fall into a shaft and drop 1 floor!
  2592 | D:2      | Killed Sigmund
  2592 | D:2      | Reached skill level 1 in Conjurations
  2592 | D:2      | Reached XP level 5. HP: 35/35 MP: 2/10
  2592 | D:2      | Reached XP level 6. HP: 41/41 MP: 2/11
  2882 | D:2      | Noticed Terence
  2891 | D:2      | Killed Terence
  2987 | D:2      | Found a bloodstained altar of Trog.
  3747 | D:3      | Learned a level 4 spell: Summon Ice Beast
  3771 | D:3      | Reached skill level 5 in Stealth
  4223 | D:3      | Reached XP level 7. HP: 46/46 MP: 11/13
  4392 | D:4      | Found Isayj's Jewellery Boutique.
  4753 | D:4      | Found a staircase to the Ecumenical Temple.
  4781 | Temple   | Entered the Ecumenical Temple
  4961 | Temple   | Became a worshipper of Sif Muna the Loreminder
  5461 | D:5      | Entered Level 5 of the Dungeon
  5461 | D:5      | Found a bloodstained altar of Trog.
  5820 | D:5      | Reached skill level 1 in Summonings
  6004 | D:5      | Noticed Menkaure
  6049 | D:5      | Reached skill level 1 in Invocations
  6245 | D:5      | Reached XP level 8. HP: 46/52 MP: 5/15
  6685 | D:5      | Killed Menkaure
  6685 | D:5      | Reached skill level 5 in Spellcasting
  7489 | D:5      | Learned a level 3 spell: Mephitic Cloud
  7492 | D:5      | Learned a level 2 spell: Blink
  8453 | D:6      | Found a glowing silver altar of Zin.
  8470 | D:6      | Reached skill level 1 in Fighting
  8571 | D:6      | Got a crude dagger
  8574 | D:6      | Identified the +3 dagger "Sotexkemm" {drain, *Corrode rPois
                  | rN++ Dex+3} (You found it on level 6 of the Dungeon)
  8592 | D:6      | Reached skill level 1 in Translocations
  8626 | D:6      | Reached skill level 1 in Air Magic
  9026 | D:6      | Noticed Grinder
  9056 | D:6      | Killed Grinder
  9056 | D:6      | Reached skill level 6 in Ice Magic
  9056 | D:6      | Reached XP level 9. HP: 28/61 MP: 2/16
  9506 | D:6      | Reached * piety under Sif Muna
  9532 | D:6      | Noticed Pikel
  9558 | D:6      | Killed Pikel
 10105 | D:7      | Reached skill level 7 in Ice Magic
 10795 | D:7      | Found a radiant altar of Vehumet.
 11619 | D:8      | Reached skill level 8 in Ice Magic
 11665 | D:8      | Reached ** piety under Sif Muna
 11677 | D:8      | Reached XP level 10. HP: 65/71 MP: 8/17
 11792 | D:8      | Reached skill level 5 in Invocations
 12068 | D:8      | Found a staircase to the Lair.
 12427 | D:8      | Found a shadowy altar of Dithmenos.
 12427 | D:8      | Found a faded altar of an unknown god.
 12432 | D:8      | Found a faded altar of an unknown god.
 12434 | D:8      | Found an ornate altar of the Wu Jian Council.
 12435 | D:8      | Found a burning altar of Makhleb.
 12539 | D:8      | Found an iron altar of Okawaru.
 12911 | D:9      | Reached *** piety under Sif Muna
 13007 | D:9      | Noticed a two-headed ogre
 13012 | D:9      | Reached skill level 9 in Ice Magic
 13065 | D:9      | Killed a two-headed ogre
 13065 | D:9      | Reached skill level 5 in Fighting
 13386 | D:9      | Found a white marble altar of Elyvilon.
 13570 | D:9      | Reached skill level 1 in Armour
 13950 | D:9      | Found Yraim's Armour Shoppe.
 14111 | D:10     | Entered Level 10 of the Dungeon
 14661 | D:10     | Found a staircase to the Orcish Mines.
 14846 | D:11     | Noticed a red ugly thing
 14865 | D:10     | Slain by a red ugly thing

Levels and vault maps discovered:
D:1:      psy_arrival_wood_between_worlds, layout_loops_ring,
          minmay_pentomino_x4
D:2:      layout_loops_ring, first_ration, st_stairs_1, trog_book, uniq_sigmund,
          uniq_terence
D:3:      layout_loops_ring
D:4:      layout_cave_pools, minmay_temple_entry_wispy, serial_shops,
          nicolae_shop_stone
D:5:      layout_rooms, minmay_misc_feat_rows, trog_butcher_becter,
          uniq_menkaure
D:6:      layout_loops_corners, zin_academy, uniq_grinder, uniq_pikel
D:7:      layout_basic, vehumet_crystals
D:8:      layout_basic, okawaru_altar_gauntlet_db,
          chequers_temple_overflow_minitemple, lair_entry_dummy
D:9:      layout_roguey, lemuel_crystal_altar, serial_shops, shop, the_bakery
D:10:     layout_basic, orc_0_dummy
D:11:     layout_basic
Temple:   regret_index_temple_waves

Skill      XL: |  1  2  3  4  5  6  7  8  9 10 |
---------------+-------------------------------+-----
Stealth        | 3 4 5 |  5.2
Ice Magic      | 5 6 8 9 |  9.6
Spellcasting   | 3 4 5 |  5.0
Conjurations   | 1 2 3 4 |  4.0
Summonings     | 1 3 4 |  4.0
Invocations    | 1 3 4 6 |  6.0
Fighting       | 2 4 5 |  5.4
Translocations | 1 2 |  2.1
Air Magic      | 1 3 4 |  4.0
Dodging        | 4 |  4.0
Armour         | 1 |  1.4
Polearms       | |  0.5
Shields        | |  0.9

Action                   |  1- 3 |  4- 6 |  7- 9 | 10-12 || total
-------------------------+-------+-------+-------+-------++-------
Melee: Unarmed           |    21 |    12 |     1 |       ||    34
       Short sword       |       |       |    32 |       ||    32
       Dagger            |       |       |    14 |       ||    14
       Flail             |       |       |    19 |    65 ||    84
       Trident           |       |       |    18 |     7 ||    25
       Hunting sling     |       |       |     1 |       ||     1
       Staff             |       |       |       |     2 ||     2
 Fire: Hunting sling     |       |       |    31 |       ||    31
 Cast: Freeze            |    52 |    88 |   139 |    69 ||   348
       Ozocubu's Armour  |     1 |     2 |     1 |       ||     4
       Hailstorm         |       |     4 |    20 |    12 ||    36
       Summon Ice Beast  |       |       |    44 |    43 ||    87
       Blink             |       |       |       |     4 ||     4
       Mephitic Cloud    |       |       |       |     1 ||     1
Evoke: Wand              |       |       |       |     1 ||     1
  Use: Potion            |       |       |     5 |       ||     5
       Scroll            |       |       |    15 |     3 ||    18
 Stab: Sleeping          |     1 |       |     3 |     2 ||     6
       Distracted        |       |     1 |       |     1 ||     2
  Eat: Chunk             |     2 |    10 |    20 |    17 ||    49
       Ration            |       |       |     4 |     1 ||     5
Armor: Robe              |    10 |    21 |    56 |    11 ||    98
       Skin              |       |       |     9 |       ||     9
       Troll leather arm |       |       |       |    52 ||    52
Dodge: Dodged            |    44 |    63 |   152 |   150 ||   409

Table legend:
 A = Non-vault XP
 B = Vault XP
 C = Vault XP percentage of total XP
 D = Non-vault monster count
 E = Vault monster count
 F = Vault count percentage of total count
                 A         B        C        D         E       F
            +---------+---------+-------+---------+---------+-------
      Total |    7077 |    1355 |  16.1 |     256 |      21 |   7.6
            +---------+---------+-------+---------+---------+-------
        D:1 |      45 |       7 |  13.5 |      20 |       4 |  16.7
        D:2 |     163 |     234 |  58.9 |      32 |       3 |   8.6
        D:3 |     185 |       0 |   0.0 |      21 |       0 |   0.0
        D:4 |     438 |       0 |   0.0 |      21 |       0 |   0.0
        D:5 |     315 |     181 |  36.5 |       9 |       5 |  35.7
        D:6 |    1069 |     687 |  39.1 |      32 |       2 |   5.9
        D:7 |    1135 |       0 |   0.0 |      33 |       0 |   0.0
        D:8 |     873 |      12 |   1.4 |      31 |       6 |  16.2
        D:9 |    2131 |     234 |   9.9 |      40 |       1 |   2.4
       D:10 |     723 |       0 |   0.0 |      17 |       0 |   0.0
            +---------+---------+-------+---------+---------+-------
